 Dungeon Crawl Stone Soup version 0.28.0-1-gb440e238dd (webtiles) character file.

Game seed: 9840198913855400876

30332 PBDoughboyy the Martial Artist (level 13, -20/150 HPs)
             Began as a Gnoll Transmuter on Feb 20, 2022.
             Was a High Priest of Sif Muna.
             Killed from afar by a thorn hunter (33 damage)
             ... with a volley of thorns
             ... on level 1 of the Swamp.
             The game lasted 02:16:37 (19247 turns).

PBDoughboyy the Martial Artist (Gnoll Transmuter)  Turns: 19247, Time: 02:16:37

Health: -20/150    AC: 14    Str: 13    XL:     13   Next: 51%
Magic:  26/26      EV: 16    Int: 19    God:    Sif Muna [*****.]
Gold:   825        SH:  0    Dex: 14    Spells: 2/31 levels left

rFire   + + .      SeeInvis +   p - +4 dagger "Xaen" {spect, *Rage rF+ Int+2 SInv}
rCold   . . .      Faith    .   (no shield)
rNeg    + + .      Spirit   .   M - +2 robe "Cuydier" {rN++ Str+4}
rPois   .          Reflect  +   j - +0 helmet
rElec   .          Harm     .   z - +0 cloak
rCorr   .          Rampage  .   (no gloves)
Will    .....      Rage     20% u - +2 pair of boots
Stlth   ..........              t - amulet of reflection
HPRegen 0.35/turn               w - ring of protection from fire
MPRegen 0.20/turn               P - +4 ring of protection

@: confused, berserking, ambrosia-drunk, flying, very quick
A: fangs 1, strong nose, distributed training
a: Renounce Religion, Channel Magic, Forget Spell, Divine Exegesis


You were on level 1 of the Swamp.
You worshipped Sif Muna.
Sif Muna was extremely pleased with you.
You visited 6 branches of the dungeon, and saw 19 of its levels.
You also visited: Sewer.

You collected 825 gold pieces.

Inventory:

Hand Weapons
 h - a +1 short sword of venom
 p - the +4 dagger "Xaen" (weapon) {spect, *Rage rF+ Int+2 SInv}
   (You found it on level 3 of the Dungeon)

   When its wielder attacks, the weapon's spirit leaps out and strikes again.
   The spirit shares a part of any damage it takes with its wielder.
   Int:       It affects your intelligence (+2).
   rF:        It protects you from fire.
   SInv:      It lets you see invisible.
   *Rage:     It berserks you when you make melee attacks (+20% chance).
Missiles
 b - 13 poisoned darts
 i - 12 javelins
 q - 2 datura-tipped darts
 r - 16 boomerangs (quivered)
 O - 6 curare-tipped darts
Armour
 f - the -2 hat of the Alchemist {rElec rPois rF+ rC+ rN+ Will+ rMut rCorr}
   (You found it on level 2 of the Lair of Beasts)

   rF:        It protects you from fire.
   rC:        It protects you from cold.
   rElec:     It insulates you from electricity.
   rPois:     It protects you from poison.
   rN:        It protects you from negative energy.
   rCorr:     It protects you from acid and corrosion.
   rMut:      It protects you from mutation.
   Will:      It increases your willpower.
 j - a +0 helmet (worn)
 m - a +2 robe of fire resistance
 u - a +2 pair of boots (worn)
 z - a +0 cloak (worn)
 B - +0 steam dragon scales
 M - the +2 robe "Cuydier" (worn) {rN++ Str+4}
   (You found it on level 8 of the Dungeon)

   Str:       It affects your strength (+4).
   rN:        It greatly protects you from negative energy.
Jewellery
 t - an amulet of reflection (around neck)
 w - a ring of protection from fire (left hand)
 P - a +4 ring of protection (right hand)
 U - a ring of ice
 W - a ring of magical power
Wands
 x - a wand of mindburst (13)
 y - a wand of acid (11)
 G - a wand of paralysis (4)
 H - a wand of digging (7)
 N - a wand of iceblast (12)
 Q - a wand of flame (9)
 T - a wand of charming (4)
Scrolls
 a - a scroll of noise {unknown}
 c - 2 scrolls of immolation
 d - 8 scrolls of teleportation
 e - a scroll of fog
 g - a scroll of blinking {unknown}
 n - a scroll of summoning {unknown}
 v - 2 scrolls of enchant armour
 D - 3 scrolls of enchant weapon
 I - 4 scrolls of vulnerability {unknown}
 J - 2 scrolls of silence
 R - 2 scrolls of identify
 S - a scroll of fear {unknown}
Potions
 k - 2 potions of brilliance
 o - 2 potions of ambrosia
 s - 4 potions of curing
 A - 2 potions of attraction
 C - a potion of resistance
 E - 2 potions of might
 F - 2 potions of magic
 K - a potion of haste
 L - 2 potions of berserk rage
 V - a potion of degeneration {unknown}


   Skills:
 + Level 8.8 Fighting
 + Level 8.3 Short Blades
 + Level 8.3 Long Blades
 + Level 8.3 Axes
 + Level 8.3 Maces & Flails
 + Level 8.3 Polearms
 + Level 8.3 Staves
 + Level 8.3 Slings
 + Level 8.3 Bows
 + Level 8.3 Crossbows
 + Level 8.3 Throwing
 + Level 8.3 Armour
 + Level 9.6 Dodging
 + Level 8.3 Stealth
 + Level 8.3 Shields
 + Level 10.6 Unarmed Combat
 + Level 9.8 Spellcasting
 + Level 6.9 Conjurations
 + Level 6.9 Hexes
 + Level 6.9 Summonings
 + Level 6.9 Necromancy
 + Level 6.9 Translocations
 + Level 8.0 Transmutations
 + Level 6.9 Fire Magic
 + Level 6.9 Ice Magic
 + Level 6.9 Air Magic
 + Level 6.9 Earth Magic
 + Level 6.9 Poison Magic
 + Level 9.1 Invocations
 + Level 8.3 Evocations


You had 2 spell levels left.
You knew the following spells:

 Your Spells              Type           Power      Damage    Failure   Level
a - Beastly Appendage     Tmut           78%        N/A       1%          1
b - Wereblood             Tmut           39%        N/A       1%          2
c - Spider Form           Tmut/Pois      37%        N/A       1%          3
d - Call Canine Familiar  Summ           35%        N/A       1%          3
e - Blink                 Tloc           70%        N/A       1%          2
f - Petrify               Tmut/Erth      37%        N/A       3%          4
g - Ice Form              Ice/Tmut       37%        N/A       3%          4
h - Irradiate             Conj/Tmut      18%        3d20      10%         5
i - Manifold Assault      Tloc           35%        N/A       12%         5

Your spell library contained the following spells:

 Spells                   Type           Power      Damage    Failure   Level
 Animate Skeleton         Necr           70%        N/A       1%          1
 Apportation              Tloc           70%        N/A       1%          1
 Summon Small Mammal      Summ           100%       N/A       1%          1
 Ensorcelled Hibernation  Hex/Ice        70%        N/A       1%          2
 Sublimation of Blood     Necr           35%        N/A       1%          2
 Gell's Gravitas          Tloc           35%        N/A       1%          3
 Inner Flame              Hex/Fire       35%        N/A       1%          3
 Lesser Beckoning         Tloc           35%        N/A       1%          3
 Summon Guardian Golem    Hex/Summ       35%        N/A       1%          3
 Teleport Other           Tloc           35%        N/A       1%          3
 Anguish                  Hex/Necr       17%        N/A       4%          4
 Cause Fear               Hex            17%        N/A       4%          4
 Dragon Form              Tmut           19%        N/A       93%         7
 Discord                  Hex            17%        N/A       100%        8
 Dragon's Call            Summ           17%        N/A       100%        9


Dungeon Overview and Level Annotations

Branches:
Dungeon (12/15)            Temple (1/1) D:7            Lair (3/6) D:11
  Swamp (1/4) Lair:3       Spider (1/4) Lair:3          Orc (1/2) D:9
  Sewer (visited)

Altars:
Ashenzari
Cheibriados
Dithmenos
Elyvilon
Fedhas
Gozag
Hepliaklqana
Kikubaaqudgha
Makhleb
Nemelex Xobeh
Okawaru
Qazlal
Ru
Sif Muna
Trog
Uskayaw
Vehumet
Wu Jian
Xom
Yredelemnul
Zin
The Shining One

Annotations:
D:11 3 runed translucent doors, Erolcha; NiggerDarts's ghost, journeyman HuFi


Innate Abilities, Weirdness & Mutations

You have very sharp teeth.
Your uncanny sense of smell can sniff out nearby items.
Your experience applies equally to all skills.


Message History

* * * LOW HITPOINT WARNING * * *
The swamp worm completely misses you.
As you read the scroll of fog, it crumbles to dust.
The scroll dissolves into smoke.
The thorn hunter gestures.
Thorny briars emerge from the ground!
The swamp worm bites you!
* * * LOW HITPOINT WARNING * * *
Unknown command.
You are confused.
You feel invigorated.
Something hits the briar patch!
Something hits the briar patch but does no damage.
The swamp worm bites you!
* * * LOW HITPOINT WARNING * * *
Unknown command.
The bunyip howls a warning cry!
The swamp worm fires a harpoon shot at you.
The harpoon shot hits you.
* * * LOW HITPOINT WARNING * * *
You are yanked forward by the harpoon shot.
You hear a shout! x2
A red film seems to cover your vision as you go berserk!
You feel yourself moving faster!
You feel mighty!
You puncture the swamp worm! You punch the swamp worm.
You kill the swamp worm!
Sif Muna accepts your kill.
Unknown command.
You puncture the bunyip!
The bunyip is lightly wounded.
Your +4 dagger "Xaen" {spect, *Rage rF+ Int+2 SInv} hits the bunyip!
The bunyip closely misses you. The bunyip barely misses you.
The bunyip closely misses you.
Thorny briars emerge from the ground!
You barely miss the briar patch.
Your +4 dagger "Xaen" {spect, *Rage rF+ Int+2 SInv} is struck by the briar patch's thorns.
Your spectral weapon shares its damage with you!
Your +4 dagger "Xaen" {spect, *Rage rF+ Int+2 SInv} hits the briar patch but does no damage.
* * * LOW HITPOINT WARNING * * *
The thorn hunter fires a volley of thorns at you.
The volley of thorns hits you!!
You die...

....w.≈$.##
....≈≈≈≈... ∆
.≈≈..≈≈.... ∆
..≈≈.≈....≈
≈≈≈<....≈≈≈ ♣♣♣♣
≈≈≈.≈≈≈.... ♣♣PP♣♣ ♣♣
.≈≈.≈≈≈...♣
♣§PPP♣♣♣≈.≈ .
....≈≈≈.≈..
♣♣(PPfP..... ..
≈♣..≈≈≈≈..♣
♣♣§§@PPfP..≈≈≈.♣
.≈♣≈...≈≈≈.♣♣§§§PPPP♣
≈≈.♣
...♣♣.≈≈≈PP.§x§§§§.♣
≈.... ..≈.♣
....PP≈§§§§§≈§♣♣≈.≈≈≈≈
♣♣♣.≈≈≈≈≈≈.≈..≈♣
♣P§§........♣♣
♣♣♣♣♣♣.≈≈..≈≈.
♣.§≈.≈≈≈.>.
♣≈......≈≈♣♣


You could see a thorn hunter, a bunyip and a friendly +4 dagger "Xaen" {spect,
*Rage rF+ Int+2 SInv} (summoned).

Vanquished Creatures
  Josephine (D:11)
  A boulder beetle (D:11)
  3 hydras
  Erica (D:10)
  A two-headed ogre (D:9)
  Urug (D:11)
  Sonja (Lair:1)
  Nergalle (Lair:3)
  A bog body (Lair:3)
  2 manticores (D:11)
  An elephant (Lair:2)
  A centaur zombie (D:10)
  3 black mambas (Lair:2)
  6 cane toads
  Maggie (D:10)
  2 rime drakes (Lair:2)
  A komodo dragon (Lair:2)
  3 ice devils (Lair:3)
  An anaconda simulacrum (Lair:3)
  An entropy weaver simulacrum (Lair:3)
  3 polar bears
  Grinder (D:6)
  7 blink frogs (Lair:2)
  A shadow (D:11)
  A culicivora (Lair:3)
  Sigmund (D:2)
  A dire elephant simulacrum (Lair:3)
  3 wraiths (D:11)
  2 basilisks (Lair:2)
  35 yaks
  Grum (Lair:1)
  A steam dragon (D:6)
  3 vampire mosquitoes (D:10)
  A swamp worm (Swamp:1)
  10 water moccasins
  A hornet zombie (D:7)
  3 orc warriors
  2 ice beasts
  Pargi (Sewer)
  A necrophage (D:4)
  8 wolves
  3 ogres
  2 black bears
  4 centaurs
  A nameless horror (D:5)
  2 kobold brigands (D:8)
  10 bullfrogs
  3 scorpions
  A two-headed ogre simulacrum (Lair:3)
  A water moccasin zombie (D:7)
  A water moccasin skeleton (D:5)
  6 killer bees
  5 wights
  3 jellies
  2 howler monkeys
  A bullfrog zombie (D:7)
  3 hounds
  2 gnoll shamans
  A bullfrog skeleton (D:4)
  5 orc priests
  Crazy Yiuf (D:6)
  2 centaur skeletons
  Terence (D:2)
  2 iguanas
  8 orc wizards
  A wolf simulacrum (Lair:3)
  A killer bee zombie (D:9)
  Robin (D:2)
  5 gnolls
  6 adders
  A shadow imp (D:7)
  2 white imps
  2 ufetubi (D:4)
  3 worms (D:2)
  2 dart slugs (D:1)
  26 orcs
  7 ball pythons
  8 endoplasms
  2 giant cockroaches
  18 goblins
  15 hobgoblins
  2 jackals (D:5)
  16 kobolds
  4 quokkas
  2 bats (Sewer)
  3 frilled lizards
  6 rats
323 creatures vanquished.

Vanquished Creatures (collateral kills)
  A hydra (Lair:1)
  A bog body (Lair:3)
  A blink frog (Lair:2)
  A yak (D:10)
  A basilisk (Lair:1)
  A water moccasin (Lair:3)
  An orc warrior (D:10)
  3 bullfrogs
  A wyvern zombie (D:9)
  A killer bee (D:10)
  3 wights (D:8)
  3 orc priests
  6 orc wizards
  A gnoll (D:9)
  15 orcs
  A goblin (D:9)
  A hobgoblin (D:9)
  5 kobolds (D:8)
47 creatures vanquished.

Vanquished Creatures (others)
  Menkaure (D:6)
  A water moccasin (Lair:1)
  2 orc warriors (D:9)
  2 centaurs
  A centaur zombie (D:6)
  An orc wizard (D:10)
  A briar patch (Swamp:1)
  A bush (Lair:1)
  11 fungi
  13 plants
34 creatures vanquished.

Grand Total: 404 creatures vanquished

Notes
Turn   | Place    | Note
-------+----------+-------------------------------------------
     0 | D:1      | PBDoughboyy the Gnoll Transmuter began the quest for the
                  | Orb.
     0 | D:1      | Reached XP level 1. HP: 17/17 MP: 6/6
   144 | D:1      | Reached XP level 2. HP: 17/23 MP: 5/7
   222 | D:1      | Found a faded altar of an unknown god.
   743 | D:1      | Reached XP level 3. HP: 26/28 MP: 7/9
   837 | D:1      | Reached skill level 5 in Spellcasting
  1154 | D:2      | Learned a level 2 spell: Wereblood
  1306 | D:2      | Reached skill level 1 in Invocations
  1537 | D:2      | Reached skill level 1 in Short Blades
  1537 | D:2      | Reached skill level 1 in Long Blades
  1537 | D:2      | Reached skill level 1 in Axes
  1537 | D:2      | Reached skill level 1 in Maces & Flails
  1537 | D:2      | Reached skill level 1 in Polearms
  1537 | D:2      | Reached skill level 1 in Staves
  1537 | D:2      | Reached skill level 1 in Slings
  1537 | D:2      | Reached skill level 1 in Bows
  1537 | D:2      | Reached skill level 1 in Crossbows
  1537 | D:2      | Reached skill level 1 in Throwing
  1537 | D:2      | Reached skill level 1 in Armour
  1537 | D:2      | Reached skill level 1 in Stealth
  1537 | D:2      | Reached skill level 1 in Shields
  1537 | D:2      | Reached skill level 1 in Evocations
  1545 | D:2      | Noticed Robin
  1549 | D:2      | Killed Robin
  1550 | D:2      | Reached XP level 4. HP: 34/34 MP: 9/11
  1801 | D:2      | Noticed Terence
  1809 | D:2      | Killed Terence
  1810 | D:2      | Reached skill level 1 in Conjurations
  1810 | D:2      | Reached skill level 1 in Hexes
  1810 | D:2      | Reached skill level 1 in Summonings
  1810 | D:2      | Reached skill level 1 in Necromancy
  1810 | D:2      | Reached skill level 1 in Translocations
  1810 | D:2      | Reached skill level 1 in Fire Magic
  1810 | D:2      | Reached skill level 1 in Ice Magic
  1810 | D:2      | Reached skill level 1 in Air Magic
  1810 | D:2      | Reached skill level 1 in Earth Magic
  1810 | D:2      | Reached skill level 1 in Poison Magic
  2056 | D:2      | Noticed Sigmund
  2062 | D:2      | Reached XP level 5. HP: 39/40 MP: 9/12
  2069 | D:2      | Killed Sigmund
  2070 | D:2      | Reached XP level 6. HP: 43/47 MP: 10/14
  2178 | D:2      | Learned a level 3 spell: Spider Form
  2181 | D:2      | Learned a level 2 spell: Blink
  2791 | D:3      | Reached skill level 5 in Dodging
  3945 | D:3      | Reached XP level 7. HP: 49/51 MP: 15/15
  4172 | D:3      | Identified the +4 dagger "Xaen" {spect, *Rage rF+ Int+2
                  | SInv}
  4364 | D:4      | Reached skill level 7 in Unarmed Combat
  4527 | D:4      | Found a burning altar of Makhleb.
  5210 | D:5      | Entered Level 5 of the Dungeon
  5211 | D:5      | Found a sparkling altar of Nemelex Xobeh.
  5336 | D:5      | Reached XP level 8. HP: 60/60 MP: 16/16
  5620 | D:5      | Learned a level 3 spell: Call Canine Familiar
  6141 | D:5      | Found a snail-covered altar of Cheibriados.
  6141 | D:5      | Found a basalt altar of Yredelemnul.
  6605 | D:6      | Found a glowing drain.
  6618 | D:6      | Noticed Menkaure
  6624 | D:6      | Killed Menkaure
  6657 | Sewer    | Entered a sewer
  6803 | Sewer    | Noticed Pargi
  6806 | Sewer    | Killed Pargi
  6807 | Sewer    | Reached skill level 5 in Transmutations
  6807 | Sewer    | Reached XP level 9. HP: 66/66 MP: 18/18
  6984 | D:6      | Noticed Grinder
  6994 | D:6      | Paralysed by Grinder for 7 turns
  7006 | D:6      | Killed Grinder
  7282 | D:6      | Learned a level 4 spell: Petrify
  7288 | D:6      | Learned a level 4 spell: Ice Form
  7740 | D:6      | Found a runed translucent door.
  7741 | D:6      | Noticed Crazy Yiuf
  7757 | D:6      | Killed Crazy Yiuf
  7911 | D:7      | Reached skill level 5 in Fighting
  8434 | D:7      | Found a staircase to the Ecumenical Temple.
  8442 | Temple   | Entered the Ecumenical Temple
  8499 | Temple   | Became a worshipper of Sif Muna the Loreminder
  8530 | D:7      | Reached skill level 8 in Unarmed Combat
  9066 | D:8      | Reached skill level 5 in Invocations
  9144 | D:8      | Identified the +2 robe "Cuydier" {rN++ Str+4}
  9306 | D:8      | Found an ancient bone altar of Kikubaaqudgha.
  9317 | D:8      | Reached * piety under Sif Muna
  9684 | D:8      | Reached XP level 10. HP: 74/74 MP: 1/20
 10147 | D:9      | Found a staircase to the Orcish Mines.
 10172 | D:9      | Reached skill level 5 in Short Blades
 10172 | D:9      | Reached skill level 5 in Long Blades
 10172 | D:9      | Reached skill level 5 in Axes
 10172 | D:9      | Reached skill level 5 in Maces & Flails
 10172 | D:9      | Reached skill level 5 in Polearms
 10172 | D:9      | Reached skill level 5 in Staves
 10172 | D:9      | Reached skill level 5 in Slings
 10172 | D:9      | Reached skill level 5 in Bows
 10172 | D:9      | Reached skill level 5 in Crossbows
 10172 | D:9      | Reached skill level 5 in Throwing
 10172 | D:9      | Reached skill level 5 in Armour
 10172 | D:9      | Reached skill level 5 in Stealth
 10172 | D:9      | Reached skill level 5 in Shields
 10172 | D:9      | Reached skill level 5 in Evocations
 10787 | D:9      | Noticed a two-headed ogre
 10791 | D:9      | Reached ** piety under Sif Muna
 10799 | D:9      | Killed a two-headed ogre
 11271 | D:9      | Found a radiant altar of Vehumet.
 11342 | D:9      | Found an opulent altar of Gozag.
 11343 | D:9      | Found a white marble altar of Elyvilon.
 11620 | Orc:1    | Entered Level 1 of the Orcish Mines
 11620 | Orc:1    | Noticed an orc sorcerer
 11648 | D:10     | Entered Level 10 of the Dungeon
 11648 | D:10     | Found a broken altar of Ashenzari.
 11687 | D:10     | Noticed Erica
 11693 | D:10     | Killed Erica
 11853 | D:10     | Noticed Maggie
 11864 | D:10     | Killed Maggie
 12039 | D:10     | Reached XP level 11. HP: 60/83 MP: 22/22
 12219 | D:10     | Reached skill level 9 in Unarmed Combat
 12246 | D:10     | Reached skill level 5 in Conjurations
 12246 | D:10     | Reached skill level 5 in Hexes
 12246 | D:10     | Reached skill level 5 in Summonings
 12246 | D:10     | Reached skill level 5 in Necromancy
 12246 | D:10     | Reached skill level 5 in Translocations
 12246 | D:10     | Reached skill level 5 in Fire Magic
 12246 | D:10     | Reached skill level 5 in Ice Magic
 12246 | D:10     | Reached skill level 5 in Air Magic
 12246 | D:10     | Reached skill level 5 in Earth Magic
 12246 | D:10     | Reached skill level 5 in Poison Magic
 12613 | D:11     | Noticed Josephine
 12635 | D:11     | Killed Josephine
 12638 | D:11     | Reached *** piety under Sif Muna
 12866 | D:11     | Found a gate leading to a gauntlet.
 12866 | D:11     | Noticed a manticore
 12876 | D:11     | Killed a manticore
 12935 | D:11     | Noticed Erolcha
 12935 | D:11     | Noticed a boulder beetle
 12960 | D:11     | Killed a boulder beetle
 13014 | D:11     | Noticed Urug
 13021 | D:11     | Killed Urug
 13133 | D:11     | Noticed a manticore
 13142 | D:11     | Killed a manticore
 13308 | D:11     | Found a runed translucent gate.
 13308 | D:11     | Found a runed translucent gate.
 13308 | D:11     | Found a runed translucent gate.
 13310 | D:11     | Found an opulent altar of Gozag.
 13312 | D:11     | Noticed a boulder beetle
 13313 | D:11     | Noticed NiggerDarts's ghost (journeyman HuFi)
 13363 | D:11     | Found a staircase to the Lair.
 13570 | D:12     | Noticed a boulder beetle
 13590 | Lair:1   | Entered Level 1 of the Lair of Beasts
 13590 | Lair:1   | Noticed Sonja
 13590 | Lair:1   | Noticed an eight-headed hydra
 13850 | Lair:1   | Noticed Grum
 13873 | Lair:1   | Reached XP level 12. HP: 52/91 MP: 20/24
 13882 | Lair:1   | Killed Grum
 14715 | Lair:1   | Killed Sonja
 14715 | Lair:1   | Reached **** piety under Sif Muna
 14754 | Lair:1   | Learned a level 5 spell: Irradiate
 14885 | Lair:1   | Noticed a seven-headed hydra
 15065 | Lair:1   | Killed an eight-headed hydra
 15311 | Lair:1   | Killed a seven-headed hydra
 15671 | Lair:2   | Found an ancient bone altar of Kikubaaqudgha.
 15709 | Lair:2   | Reached skill level 10 in Unarmed Combat
 15845 | Lair:2   | Noticed a four-headed hydra
 15853 | Lair:2   | Noticed a six-headed hydra
 15876 | Lair:2   | Killed a four-headed hydra
 16171 | Lair:2   | Killed a six-headed hydra
 16484 | Lair:2   | Reached XP level 13. HP: 98/98 MP: 26/26
 16554 | Lair:2   | Found the -2 hat of the Alchemist {rElec rPois rF+ rC+ rN+
                  | Will+ rMut rCorr}
 17742 | Lair:3   | Reached ***** piety under Sif Muna
 18210 | Lair:3   | Learned a level 5 spell: Manifold Assault
 18759 | Lair:3   | Noticed Nergalle
 18862 | Lair:3   | Killed Nergalle
 18905 | Lair:3   | Found a hole to the Spider Nest.
 19067 | Spider:1 | Entered Level 1 of the Spider Nest
 19101 | Lair:3   | Found a staircase to the Swamp.
 19234 | Swamp:1  | Entered Level 1 of the Swamp
 19235 | Swamp:1  | Noticed a thorn hunter
 19235 | Swamp:1  | Noticed a bunyip
 19241 | Swamp:1  | HP: 4/100 [swamp worm (9)]
 19247 | Swamp:1  | Killed from afar by a thorn hunter

Illustrated notes

Levels and vault maps discovered:
D:1:      wander_arrival_chamber, layout_rooms, ebering_ecumenical_altar_hall
D:2:      minmay_chambers_of_ones, layout_basic, uniq_robin, uniq_terence,
          uniq_sigmund
D:3:      layout_loops_ring
D:4:      layout_basic, mainiacjoe_overflow_24_doors
D:5:      layout_basic, minitemple, nemelex_xobeh_ov_fountains_minmay
D:6:      layout_basic, portal_sewer_entry_a, minmay_misc_feat_room,
          uniq_menkaure, uniq_crazy_yiuf_cottage, uniq_grinder
D:7:      layout_basic, minmay_temple_entry_sparse_star
D:8:      layout_rooms, mainiacjoe_overflow_boulevard
D:9:      layout_cave_pods, lemuel_tele_altar, gammafunk_temple_overflow_pools,
          erik_orc_3, corexii_leaking_fountain
D:10:     layout_roguey, mainiacjoe_overflow_alcove_4, grunt_ministairs_12,
          uniq_maggie, uniq_erica
D:11:     layout_roguey, lair_entry_dummy, gauntlet_entry_generic,
          ebering_ghost_gozag, uniq_urug, uniq_erolcha, uniq_josephine
D:12:     layout_loops_ring, trove_entry_hex_spiral, biasface_ghost_orc_armoury,
          special_room [special_room_bee]
Temple:   nicolae_temple_god_jail
Lair:1:   layout_regular_city, uniq_sonja, uniq_grum
Lair:2:   nzn_winding_woodlands_medium [nzn_winding_woodlands_5x5_open_star,
          nzn_winding_woodlands_5x15_default,
          nzn_winding_woodlands_5x5_perimeter,
          nzn_winding_woodlands_5x5_checkerboard,
          nzn_winding_woodlands_center_triple_pond,
          nzn_winding_woodlands_hourglass,
          nzn_winding_woodlands_5x5_closed_star,
          nzn_winding_woodlands_5x15_jagged, nzn_winding_woodlands_5x5_cross],
          layout_concentric_octagons, basic_altar
Lair:3:   dreamdust_isle_of_ice, layout_cellular_growth,
          skrybe_swamp_entry_bodies, spider_nest_entry_rubble,
          grunt_megastairs_1, lemuel_fruit_tree, serial_bayou_shore_b,
          infiniplex_staircase_pool_2, uniq_nergalle
Swamp:1:  layout_basic_swamp, serial_swamp_ruin, hangedman_swamp_ruin_wall,
          evilmike_swamp_ruin_house_1
Spider:1: layout_spider_delve, hellmonk_ghost_happy_afterlife, worms_lemuel
Orc:1:    layout_caves, serial_shops, nicolae_shop_hallway_plus, basic_altar,
          ebering_ghost_reflecting_pool, nooodl_orcs_dogs

Skill      XL: |  1  2  3  4  5  6  7  8  9 10 11 12 13 |
---------------+----------------------------------------+-----
Spellcasting   | 5 6 7 8 9 |  9.8
Invocations    | 1 2 3 4 5 6 7 8 9 |  9.1
Short Blades   | 1 2 3 4 5 6 7 8 |  8.3
Long Blades    | 1 2 3 4 5 6 7 8 |  8.3
Axes           | 1 2 3 4 5 6 7 8 |  8.3
Maces & Flails | 1 2 3 4 5 6 7 8 |  8.3
Polearms       | 1 2 3 4 5 6 7 8 |  8.3
Staves         | 1 2 3 4 5 6 7 8 |  8.3
Slings         | 1 2 3 4 5 6 7 8 |  8.3
Bows           | 1 2 3 4 5 6 7 8 |  8.3
Crossbows      | 1 2 3 4 5 6 7 8 |  8.3
Throwing       | 1 2 3 4 5 6 7 8 |  8.3
Armour         | 1 2 3 4 5 6 7 8 |  8.3
Stealth        | 1 2 3 4 5 6 7 8 |  8.3
Shields        | 1 2 3 4 5 6 7 8 |  8.3
Evocations     | 1 2 3 4 5 6 7 8 |  8.3
Conjurations   | 1 2 3 4 5 6 |  6.9
Hexes          | 1 2 3 4 5 6 |  6.9
Summonings     | 1 2 3 4 5 6 |  6.9
Necromancy     | 1 2 3 4 5 6 |  6.9
Translocations | 1 2 3 4 5 6 |  6.9
Fire Magic     | 1 2 3 4 5 6 |  6.9
Ice Magic      | 1 2 3 4 5 6 |  6.9
Air Magic      | 1 2 3 4 5 6 |  6.9
Earth Magic    | 1 2 3 4 5 6 |  6.9
Poison Magic   | 1 2 3 4 5 6 |  6.9
Fighting       | 3 4 5 6 7 8 |  8.8
Transmutations | 4 5 6 7 8 |  8.0
Dodging        | 5 6 7 8 9 |  9.6
Unarmed Combat | 7 8 9 10 | 10.6

Action                   |  1- 3 |  4- 6 |  7- 9 | 10-12 | 13-15 || total
-------------------------+-------+-------+-------+-------+-------++-------
Melee: Dagger            |   119 |     3 |   198 |   436 |   158 ||   914
       Kick              |    25 |    18 |     4 |       |       ||    47
       Headbutt          |    18 |    12 |     6 |       |       ||    36
       Unarmed           |     2 |     7 |    18 |    26 |       ||    53
       Punch             |     3 |     5 |    13 |    29 |    13 ||    63
       Bite              |    12 |    12 |    22 |    57 |    27 ||   130
       Short sword       |       |    74 |       |       |       ||    74
Throw: Javelin           |       |     5 |       |       |       ||     5
       Dart              |       |       |    40 |    56 |    35 ||   131
       Boomerang         |       |       |       |     3 |    14 ||    17
 Cast: Beastly Appendage |    14 |    16 |     8 |       |       ||    38
       Wereblood         |     3 |     2 |     1 |     6 |     1 ||    13
       Blink             |       |     7 |     3 |       |       ||    10
       Spider Form       |       |     2 |     2 |     1 |     1 ||     6
       Call Canine Famil |       |       |    27 |    49 |    13 ||    89
       Petrify           |       |       |       |    10 |     1 ||    11
       Ice Form          |       |       |       |     1 |       ||     1
       Irradiate         |       |       |       |    12 |     3 ||    15
Evoke: Wand              |       |     9 |     4 |     9 |       ||    22
  Use: Scroll            |       |       |       |    17 |     1 ||    18
       Potion            |       |       |       |     2 |     2 ||     4
 Stab: Sleeping          |       |     4 |    14 |    12 |     2 ||    32
       Distracted        |       |       |     2 |     5 |     4 ||    11
       Petrified         |       |       |       |     7 |       ||     7
       Paralysed         |       |       |       |     2 |       ||     2
       Petrifying        |       |       |       |     3 |       ||     3
Armor: Robe              |    13 |    10 |    39 |   104 |    23 ||   189
       Skin              |       |       |     1 |     1 |       ||     2
Dodge: Dodged            |    50 |    48 |   108 |   215 |    64 ||   485
Block: Other             |       |       |    33 |    88 |    18 ||   139
       Reflection        |       |       |     6 |       |       ||     6
